 Dungeon Crawl Stone Soup version 0.28-a0-1334-g1c9ffb4daf (webtiles) character file.

Game seed: 29566704914102750

116 Garessta the Conjurer (level 4, -3/24 HPs)
             Began as a Deep Elf Conjurer on Dec 28, 2021.
             Slain by Natasha (7 damage)
             ... on level 2 of the Dungeon.
             The game lasted 00:03:30 (2511 turns).

Garessta the Conjurer (Deep Elf Conjurer)           Turns: 2511, Time: 00:03:30

Health: -3/24      AC:  2    Str:  4    XL:     4   Next: 70%
Magic:  4/12       EV: 16    Int: 25    God:
Gold:   18         SH:  0    Dex: 13    Spells: 0/11 levels left

rFire   . . .      SeeInvis .   f - +0 hand axe
rCold   . . .      Faith    .   (no shield)
rNeg    . . .      Spirit   .   a - +0 robe
rPois   .          Reflect  .   (no helmet)
rElec   .          Harm     .   (no cloak)
rCorr   .          Rampage  .   (no gloves)
Will    .....                   (no boots)
Stlth   ++........              (no amulet)
HPRegen 0.08/turn               l - +4 ring of evasion
MPRegen 0.13/turn               e - ring of flight

@: flying
A: no striking features
a: no special abilities


You were on level 2 of the Dungeon.
You visited 1 branch of the dungeon, and saw 2 of its levels.

You collected 18 gold pieces.

Inventory:

Hand Weapons
 f - a +0 hand axe (weapon)
Armour
 a - a +0 robe (worn)
Jewellery
 e - a ring of flight (right hand)
 l - a +4 ring of evasion (left hand)
Scrolls
 g - a scroll of enchant weapon {unknown}
 h - a scroll of amnesia {unknown}
 i - a scroll of enchant armour {unknown}
 j - a scroll of identify {unknown}
Potions
 b - a potion of curing {unknown}
 c - 2 potions of attraction {unknown}
 d - a potion of berserk rage {unknown}
 k - a potion of cancellation {unknown}


   Skills:
 - Level 2.7 Dodging
 - Level 2.8 Stealth
 - Level 4.2 Spellcasting
 * Level 6.0 Conjurations


You couldn't memorise any spells.
You knew the following spells:

 Your Spells              Type           Power      Damage    Failure   Level
a - Magic Dart            Conj           100%       1d8       1%          1
b - Searing Ray           Conj           70%        2d7       1%          2
c - Iskenderun's Mystic   Conj/Tloc      20%        2d6       26%         4
d - Fulminant Prism       Conj/Hex       10%        3d9       26%         4

Your spell library contained the following spells:

 Spells                   Type           Power      Damage    Failure   Level
 Dazzling Flash           Conj/Hex       40%        N/A       8%          3


Dungeon Overview and Level Annotations

Branches:
Dungeon (2/15)

Altars:

Annotations:
D:2 Natasha, Terence


Message History

Casting: Fulminant Prism (potentially lethal; 26% risk of failure)
Confirm with . or Enter, or press ? or * to list all spells.
You can't see any susceptible monsters within range! (Use Z to cast anyway.)
Casting: Fulminant Prism (potentially lethal; 26% risk of failure)
Confirm with . or Enter, or press ? or * to list all spells.
Aiming: Searing Ray (safe; 1% risk of failure)
Press: ? - help, Shift-Dir - straight line, f - Natasha
Aim: Natasha, carrying a wand of flame (27) (wandering, hasn't noticed you, 76% to hit)
The searing ray misses Natasha. (Press . to maintain the ray.) Natasha hisses angrily.
The searing ray hits Natasha.
Natasha is heavily wounded.
The searing ray misses Natasha.
Natasha howls an incantation.
Natasha's front paws start to glow.
Natasha casts a spell.
The searing ray misses Natasha.
You finish channelling your searing ray.
Natasha drinks a potion.
Natasha flickers and vanishes!
Deactivating autopickup; reactivate with Ctrl-A.
The white imp grins evilly.
The white imp gestures at you. The puff of frost hits you!
Ouch! That really hurt!
Casting: Searing Ray (safe; 1% risk of failure)
Confirm with . or Enter, or press ? or * to list all spells.
Aiming: Searing Ray (safe; 1% risk of failure)
Press: ? - help, Shift-Dir - straight line (Press . to maintain the ray.)
Something barely misses you.
Unknown command.
You hear a zap.
A puff of flame appears from out of thin air!
The puff of flame misses you.
The white imp grins evilly.
The white imp hits you. The white imp freezes you.
* * * LOW HITPOINT WARNING * * *
Something claws you!
You die...

#............###.######## #..
######)†#####.#.........# #.#
#.># ##...######.# #.# #..#
###..## #.# #.# #..####....#
#.# #.# #.....@....#
##.#####.# #...#.#....#
#.........
#.†.#.##...#######.....#..
####...#.##.@5##.)...........
#...........{................
#.##..............###.....##.
#.#......#.#####..........##.
#.#...#..#.# #..#####.####.
#..........# #..### #.# #.
###..##..#.# #....###.# #.
#######......#÷#####.##.....#
#.
#.........)..........##..####
##.


You could see Terence (wandering) and a white imp (summoned).

Vanquished Creatures
  Natasha (twice) (D:2)
  2 adders (D:2)
  2 dart slugs (D:1)
  5 endoplasms
  2 giant cockroaches
  4 hobgoblins
  3 jackals (D:1)
  6 ball pythons
  4 bats
  4 frilled lizards
  3 goblins
  5 kobolds
  4 rats
46 creatures vanquished.

Vanquished Creatures (others)
  A fungus (D:2)
  3 plants (D:2)
4 creatures vanquished.

Grand Total: 50 creatures vanquished

Notes
Turn   | Place    | Note
-------+----------+-------------------------------------------
     0 | D:1      | Garessta the Deep Elf Conjurer began the quest for the Orb.
     0 | D:1      | Reached XP level 1. HP: 10/10 MP: 6/6
   345 | D:1      | Reached XP level 2. HP: 15/15 MP: 5/8
   786 | D:1      | Learned a level 2 spell: Searing Ray
  1031 | D:1      | Reached XP level 3. HP: 19/19 MP: 7/10
  1495 | D:2      | Reached skill level 5 in Conjurations
  1616 | D:2      | Found a faded altar of an unknown god.
  1979 | D:2      | Noticed Terence
  2079 | D:2      | Noticed Natasha
  2085 | D:2      | Killed Natasha
  2086 | D:2      | Reached XP level 4. HP: 24/24 MP: 7/12
  2091 | D:2      | Learned a level 4 spell: Iskenderun's Mystic Blast
  2096 | D:2      | Learned a level 4 spell: Fulminant Prism
  2197 | D:2      | Noticed Natasha
  2202 | D:2      | Killed Natasha
  2203 | D:2      | Reached skill level 6 in Conjurations
  2489 | D:2      | Noticed Natasha
  2511 | D:2      | Slain by Natasha

Illustrated notes

Levels and vault maps discovered:
D:1:      elethiomel_arrival_infinity_welcomes_careful_drivers, layout_basic
D:2:      layout_loops_ring, dreamdust_ecumenical_altar_grove, uniq_natasha,
          uniq_terence

Skill      XL: |  1  2  3  4 |
---------------+-------------+-----
Conjurations   | 5 6 |  6.0
Spellcasting   | 4 |  4.2
Dodging        | |  2.7
Stealth        | |  2.8

Action                   |  1- 3 |  4- 6 || total
-------------------------+-------+-------++-------
Melee: Unarmed           |     1 |       ||     1
 Cast: Magic Dart        |    76 |     3 ||    79
       Searing Ray       |     4 |     4 ||     8
Armor: Robe              |     3 |       ||     3
Dodge: Dodged            |    11 |     3 ||    14

Table legend: (Time is in decaauts)
 A = Elapsed time spent in this place.
 B = Non-inter-level travel time spent in this place.
 C = Inter-level travel time spent in this place.
 D = Time resting spent in this place.
 E = Time spent auto-exploring this place.
 F = Levels seen in this place.
 G = Mean time per level.
                   A        B        C        D        E       F      G
               +--------+--------+--------+--------+--------+-----+--------+
         Total |   2510 |   2451 |     59 |     39 |   2152 |   2 | 1255.0 |
       Dungeon |   2510 |   2451 |     59 |     39 |   2152 |   2 | 1255.0 |
               +--------+--------+--------+--------+--------+-----+--------+

Top non-repeatable levels by time:
     D:1: 1354 daAuts
     D:2: 1156 daAuts
